 Dungeon Crawl Stone Soup version 0.22-a0-240-g539252a (webtiles) character file.

248095 RoseArtemis the Slayer (level 18, -5/184 HPs)
             Began as a Minotaur Fighter on Feb 21, 2018.
             Was the Champion of Okawaru.
             Slain by a vault warden
             ... wielding a +1 war axe of electrocution
              (18 damage)
             ... on level 1 of the Vaults.
             The game lasted 03:03:09 (50999 turns).

RoseArtemis the Slayer (Minotaur Fighter)          Turns: 50999, Time: 03:03:10

Health: -5/184     AC: 37    Str: 28      XL:     18   Next: 84%
Magic:  0/23       EV: 14    Int:  6 (7)  God:    Okawaru [******]
Gold:   2500       SH: 18    Dex: 18 (20) Spells: 17/17 levels left

rFire    + + .     SeeInvis .   I - +8 lance "Wyrmbane" {slay drac, rPois rF+ rC+ AC+3}
rCold    + + .     Gourm    .   F - +4 shield {reflect}
rNeg     + . .     Faith    .   e - +4 plate armour {rC+}
rPois    +         Spirit   +   R - +2 hat {MR+}
rElec    .         Reflect  +   C - scarf {Spirit}
rCorr    .         Harm     .   Z - +2 pair of gloves
MR       ++...                  A - +0 pair of boots {Stlth+}
Stlth    ..........             (no amulet)
HPRegen  0.40/turn              o - +6 ring of protection
MPRegen  0.18/turn              G - ring of Memniropi {rF+ rN+ Int+2 Dex+4 Stlth-}

@: mighty, marked
A: retaliatory headbutt, horns 2
}: 2/15 runes: decaying, gossamer
a: Heroism, Finesse, Renounce Religion


You were on level 1 of the Vaults.
You worshipped Okawaru.
Okawaru was exalted by your worship.
You were not hungry.

You visited 7 branches of the dungeon, and saw 33 of its levels.
You also visited: Labyrinth, Ossuary and Bailey.

You collected 3187 gold pieces.
You spent 687 gold pieces at shops.

Inventory:

Hand Weapons
 s - a +2 shortbow of freezing
 t - the +9 rapier "Higell" {elec, rPois}
   (You found it on level 5 of the Dungeon)

   Occasionally, upon striking a foe, it will discharge some electrical energy
   and cause terrible harm.
   It protects you from poison.
 y - the +10 morningstar of Culocoic {speed, Dex+6}
   (Okawaru gifted it to you on level 4 of the Swamp)

   Attacks with this weapon are significantly faster.
   It affects your dexterity (+6).
 I - the +8 lance "Wyrmbane" (weapon) {slay drac, rPois rF+ rC+ AC+3}
   (You found it on level 4 of the Spider Nest)

   It affects your AC (+3).
   It protects you from fire.
   It protects you from cold.
   It protects you from poison.
 M - the +5 dagger "Bivupt" {pierce, rElec rF+ rN++ Stlth-}
   (You found it on level 2 of the Lair of Beasts)

   It inflicts extra damage upon your enemies.
   It protects you from fire.
   It insulates you from electricity.
   It greatly protects you from negative energy.
   It makes you less stealthy.
Missiles
 x - 346 arrows
Armour
 e - a +4 plate armour of cold resistance (worn)
 A - a +0 pair of boots of stealth (worn)
 C - a scarf of spirit shield (worn)
 F - a +4 shield of reflection (worn)
 R - a +2 hat of magic resistance (worn)
 Z - a +2 pair of gloves (worn)
Jewellery
 b - an uncursed ring of protection from fire
 o - a +6 ring of protection (left hand)
 r - an uncursed ring of resist corrosion
 G - the ring of Memniropi (right hand) {rF+ rN+ Int+2 Dex+4 Stlth-}
   (You acquired it on level 1 of the Spider Nest)

   [ring of dexterity]

   It affects your intelligence (+2).
   It affects your dexterity (+4).
   It protects you from fire.
   It protects you from negative energy.
   It makes you less stealthy.
Wands
 l - a wand of digging (20)
 u - a wand of scattershot (4)
 B - a wand of acid (33)
Scrolls
 a - a scroll of brand weapon {unknown}
 g - 3 scrolls of enchant weapon
 h - 18 scrolls of remove curse
 w - 2 scrolls of magic mapping
 D - a scroll of summoning {unknown}
 E - a scroll of acquirement
 J - 4 scrolls of fog
 N - a scroll of holy word {unknown}
 O - 2 scrolls of torment {unknown}
 P - a scroll of identify
 Q - a scroll of silence {unknown}
 X - 2 scrolls of fear {unknown}
Potions
 c - 4 potions of invisibility {unknown}
 i - 2 potions of haste
 k - 2 potions of cancellation {unknown}
 n - 4 potions of brilliance
 p - 6 potions of ambrosia
 q - 3 potions of agility
 v - 4 potions of curing
 z - a potion of berserk rage
 H - 2 potions of flight {unknown}
 K - 4 potions of lignification {unknown}
 T - a potion of resistance {unknown}
Comestibles
 f - 36 rations


   Skills:
 + Level 22.1 Fighting
 - Level 13.8(14.0) Short Blades
   Level 4.8(11.0) Long Blades
   Level 8.2(13.0) Axes
 - Level 14.6(15.2) Maces & Flails
 * Level 7.0(8.8) Polearms
 + Level 15.6 Armour
 - Level 10.0 Dodging
 - Level 12.0 Shields
 - Level 9.0 Invocations


You had 17 spell levels left.
You didn't know any spells.

Dungeon Overview and Level Annotations

Branches:
Dungeon (15/15)            Temple (1/1) D:5            Lair (6/6) D:10
  Swamp (4/4) Lair:2       Spider (4/4) Lair:2        Slime (0/5) Lair:6
    Orc (2/2) D:9             Elf (0/3) Orc:2        Vaults (1/5) D:14
 Depths (0/5) D:15

Altars:
Ashenzari
Cheibriados
Dithmenos
Elyvilon
Fedhas
Gozag
Hepliaklqana
Kikubaaqudgha
Makhleb
Nemelex Xobeh
Okawaru
Qazlal
Ru
Sif Muna
Trog
Uskayaw
Vehumet
Wu Jian
Xom
Yredelemnul
Zin
The Shining One
Beogh
Jiyva

Shops:
Orc:2 [?:%

Annotations:
Lair:2 exclusion: 4 oklob plants
Lair:6 exclusion: 4 oklob plants
Swamp:3 Bai Suzhen
Spider:1 exclusion: Roxanne, Roxanne


Innate Abilities, Weirdness & Mutations

You reflexively headbutt those who attack you in melee.
You have a pair of horns on your head.


Message History

It is a scroll of enchant weapon.
Your +1 shortbow of freezing glows red for a moment.
The rakshasa hits you but does no damage.
You block the vault warden's attack.
The vault warden hits you but does no damage.
The ogre mage hits you but does no damage.
You block the ironheart preserver's attack.
Okay, then.
You feel better. You block the rakshasa's attack.
The orc priest invokes the aid of Beogh against you.
Beogh smites you!
* * * LOW HITPOINT WARNING * * *
The vault warden hits you but does no damage.
You are electrocuted!
* * * LOW HITPOINT WARNING * * *
You block the vault sentinel skeleton's attack.
The vault warden hits you with a war axe of electrocution.
* * * LOW HITPOINT WARNING * * *
You are electrocuted!
You die...

,,,,,,,,,,,,.,*,,,,,,,,#.........
*********,,,..##########....#'###
*,,,,,,,*,,,................#....
*,,,,,,,*,,,................#.)..
*,,,,,,,*,,,................#....
*,,,,,,,*,,,................#....
*,,,,,,,*,,,########........#....
*,,,,,,,*,,,#....p.#........#....
#.,,,,,,*...#..o@pO#........#....
#'#######...#..OpZ)OZg......#....
............#...R§§#Oo......#####
............#.....§#.O...........
............#......#.............
............########.............
......)......o...................
.....).p.s..s...................§
.......#'#####...o...............


You could see an ironheart preserver, 2 vault wardens, an orc knight, a
rakshasa, a two-headed ogre, an ogre mage, 3 ogres, a boggart, an orc priest and
2 vault sentinel skeletons.

Vanquished Creatures
  Mara (Swamp:3)
  Nikola (Swamp:3)
  A bone dragon (Swamp:4)
  Frances (Spider:1)
  Gastronok (Lair:2)
  3 thorn hunters
  Kirke (Swamp:1)
  Donald (Spider:3)
  3 ghost moths (Spider:4)
  Louise (Swamp:1)
  7 emperor scorpions
  2 orc warlords (Orc:2)
  2 ironheart preservers
  2 entropy weavers
  A stone giant (Orc:1)
  A spark wasp (Spider:3)
  A minotaur (Lab)
  3 ettins
  3 ogre magi
  A fire dragon (Lair:6)
  A yaktaur captain (Vaults:1)
  Josephine (D:11)
  Erolcha (D:13)
  Harold (Lair:2)
  13 hydras
  3 ghost crabs
  3 centaur warriors
  Erica (D:8)
  15 alligators
  15 two-headed ogres
  5 death yaks (Lair:4)
  Urug (D:13)
  4 orc high priests (Orc:2)
  A deep elf knight (D:15)
  Nergalle (Lair:2)
  2 tengu warriors
  A fire crab (shapeshifter) (D:13)
  A death drake (Swamp:4)
  3 skeletal warriors (D:12)
  2 spriggan druids
  2 unseen horrors (D:13)
  7 swamp dragons
  2 spectral hydras (Swamp:4)
  4 shambling mangroves
  A phantasmal warrior (Swamp:4)
  A necromancer (D:14)
  17 orb spiders
  5 orc knights
  A deep elf mage (D:14)
  19 cyclopes
  9 orc sorcerers
  34 wolf spiders
  10 ugly things
  A manticore (D:12)
  10 black mambas
  A moth of wrath (Spider:4)
  2 vault sentinels
  8 elephants
  3 torpor snails
  A guardian serpent (Lair:6)
  2 molten gargoyles (Lair:3)
  23 spiny frogs
  Joseph (D:8)
  2 gargoyles
  4 rime drakes
  9 demonic crawlers
  4 swamp worm zombies (Swamp:4)
  An efreet (D:15)
  8 komodo dragons
  A yaktaur skeleton (Vaults:1)
  3 freezing wraiths
  A tengu conjurer (D:13)
  9 trolls
  4 hydra zombies (Swamp:4)
  37 jumping spiders
  A tyrant leech (Swamp:3)
  25 hornets
  11 bog bodies
  22 blink frogs
  A raiju (shapeshifter) (D:13)
  4 alligator zombies (Swamp:4)
  29 slime creatures
  3 spectral swamp dragons (Swamp:4)
  5 hippogriffs
  A vampire (D:13)
  8 wraiths
  A human (shapeshifter) (D:13)
  14 wyverns
  3 shadows
  6 spriggans
  4 hogs (Swamp:1)
  47 yaks
  7 basilisks
  67 redbacks
  21 tarantellas
  A fire elemental (Lair:2)
  3 steam dragons (Lair:6)
  4 hungry ghosts
  A fire bat (shapeshifter) (D:15)
  7 vampire mosquitoes
  6 insubstantial wisps (Swamp:4)
  A soldier ant (shapeshifter) (D:15)
  A human simulacrum (Vaults:1)
  27 swamp worms
  4 acid dragons
  A soldier ant (D:8)
  14 water moccasins
  10 wargs
  A deep troll skeleton (Vaults:1)
  14 porcupines
  58 orc warriors
  5 swamp drakes
  4 sky beasts
  2 ice beasts
  3 swamp dragon zombies (Swamp:4)
  3 black bears
  5 phantoms
  3 eyes of draining
  21 ogres
  4 boggarts (Vaults:1)
  3 wolves (Orc:1)
  2 necrophages
  A human skeleton (Vaults:1)
  17 centaurs
  16 crocodiles
  8 big kobolds
  17 bullfrogs
  An earth elemental (Lab)
  2 wyvern zombies
  4 scorpions
  A water moccasin zombie (D:5)
  22 killer bees
  5 wights (D:7)
  An electric eel (Spider:3)
  9 howler monkeys
  4 crimson imps
  5 centaur zombies
  7 lava snakes
  A quasit (D:6)
  5 bullfrog zombies
  5 bullfrog skeletons
  4 centaur skeletons
  36 orc priests
  5 hounds
  6 jellies
  20 orc wizards
  9 iguanas
  13 worker ants
  2 big kobold zombies (Ossuary)
  2 hound zombies
  4 hound skeletons
  7 mummies
  A howler monkey zombie (D:6)
  2 worker ant zombies
  16 gnolls
  A swamp drake zombie (Swamp:4)
  18 adders
  3 shadow imps
  An adder zombie (D:5)
  2 adder skeletons (D:4)
  16 worms
  3 dart slugs
  10 leopard geckos
  122 orcs
  5 ball pythons
  7 bats
  4 giant cockroaches
  36 goblins
  27 hobgoblins
  5 jackals
  21 kobolds
  4 quokkas
  2 frilled lizards
  3 hobgoblin zombies (Ossuary)
  A jackal skeleton (D:5)
  A quokka skeleton (D:9)
  9 rats
  A spectral orc (D:9)
  A fungus (Lair:6)
  A plant (Lair:6)
1409 creatures vanquished.

Vanquished Creatures (others)
  4 blink frogs (Swamp:4)
  A spriggan (Swamp:3)
  A human (Swamp:1)
  An insubstantial wisp (Swamp:4)
  A swamp worm (Swamp:4)
  An orc priest (Orc:2)
  An iguana (Lair:6)
  3 briar patches (Swamp:2)
  6 fungi
  15 plants
34 creatures vanquished.

Grand Total: 1443 creatures vanquished

Notes
Turn   | Place    | Note
-------+----------+-------------------------------------------
     0 | D:1      | RoseArtemis the Minotaur Fighter began the quest for the Orb.
     0 | D:1      | Reached XP level 1. HP: 19/19 MP: 0/0
   147 | D:1      | Reached XP level 2. HP: 27/27 MP: 1/1
   336 | D:1      | Reached skill level 4 in Fighting
   353 | D:1      | Reached XP level 3. HP: 31/33 MP: 2/2
   762 | D:2      | Noticed a centaur
   770 | D:2      | Killed a centaur
   770 | D:2      | Reached XP level 4. HP: 37/41 MP: 3/3
  1048 | D:2      | Reached XP level 5. HP: 47/47 MP: 4/4
  1397 | D:2      | Found a glowing silver altar of Zin.
  1784 | D:3      | Reached skill level 5 in Axes
  2106 | D:3      | Reached XP level 6. HP: 55/55 MP: 5/5
  2426 | D:3      | Reached skill level 5 in Armour
  2542 | D:3      | Found a shimmering altar of Xom.
  2737 | D:3      | Reached skill level 5 in Fighting
  2737 | D:3      | Reached skill level 5 in Shields
  3205 | D:4      | Reached skill level 1 in Long Blades
  3595 | D:4      | Reached skill level 1 in Dodging
  4212 | D:4      | Reached XP level 7. HP: 54/61 MP: 6/6
  4620 | D:4      | Reached skill level 6 in Fighting
  5238 | D:5      | Entered Level 5 of the Dungeon
  5258 | D:5      | Reached XP level 8. HP: 56/70 MP: 7/7
  5395 | D:5      | Found a staircase to the Ecumenical Temple.
  5752 | D:5      | Found a bloodstained altar of Trog.
  5807 | D:5      | Found a stormy altar of Qazlal.
  5841 | D:5      | Got an ancient rapier
  5843 | D:5      | Reached skill level 7 in Fighting
  5911 | D:5      | Reached skill level 1 in Short Blades
  6432 | D:5      | Identified the +9 rapier "Higell" {elec, rPois} (You found it on level 5 of the Dungeon)
  6453 | Temple   | Entered the Ecumenical Temple
  6779 | Temple   | Became a worshipper of Warmaster Okawaru
  7035 | D:6      | Reached skill level 5 in Dodging
  7035 | D:6      | Reached XP level 9. HP: 76/79 MP: 8/8
  7529 | D:6      | Reached skill level 8 in Fighting
  7628 | D:6      | Reached * piety under Okawaru
  7643 | D:6      | Reached skill level 5 in Short Blades
  8077 | D:7      | Found a glowing silver altar of Zin.
  8135 | D:7      | Found a sand-covered staircase.
  8141 | Ossuary  | Entered an ossuary
  8330 | D:7      | Reached ** piety under Okawaru
  8358 | D:7      | Found a shadowy altar of Dithmenos.
  8636 | D:7      | Found a glowing golden altar of the Shining One.
  9100 | D:8      | Noticed a two-headed ogre
  9106 | D:8      | Killed a two-headed ogre
  9106 | D:8      | Reached XP level 10. HP: 73/89 MP: 9/9
  9278 | D:8      | Noticed Erica
  9286 | D:8      | Killed Erica
  9286 | D:8      | Reached *** piety under Okawaru
  9310 | D:8      | Noticed Joseph
  9330 | D:8      | Killed Joseph
  9330 | D:8      | Reached skill level 10 in Short Blades
  9462 | D:8      | Reached skill level 9 in Fighting
  9562 | D:8      | Found a bloodstained altar of Trog.
  9565 | D:8      | Found an opulent altar of Gozag.
  9565 | D:8      | Found a radiant altar of Vehumet.
  9573 | D:8      | Found a deep blue altar of Sif Muna.
  9778 | D:8      | Reached **** piety under Okawaru
 10473 | D:9      | Found a staircase to the Orcish Mines.
 10606 | D:9      | Found a basalt altar of Yredelemnul.
 10763 | D:10     | Entered Level 10 of the Dungeon
 10767 | D:10     | Reached XP level 11. HP: 95/97 MP: 10/10
 10955 | D:10     | Found a staircase to the Lair.
 10969 | D:10     | Reached ***** piety under Okawaru
 11802 | Lair:1   | Entered Level 1 of the Lair of Beasts
 11943 | Lair:1   | Reached skill level 10 in Fighting
 11948 | Lair:1   | Received a gift from Okawaru
 12005 | Lair:1   | Found an ancient bone altar of Kikubaaqudgha.
 13635 | Lair:2   | Reached XP level 12. HP: 107/108 MP: 11/11
 13723 | Lair:2   | Got a transparent dagger
 13726 | Lair:2   | Found a labyrinth entrance.
 13736 | Lab      | Entered a labyrinth
 14595 | Lab      | Noticed a minotaur
 14604 | Lab      | Killed a minotaur
 14604 | Lab      | Reached skill level 11 in Fighting
 14642 | Lair:2   | Identified the +5 dagger "Bivupt" {pierce, rElec rF+ rN++ Stlth-} (You found it on level 2 of the Lair of Beasts)
 14670 | Lair:2   | Reached skill level 10 in Armour
 14699 | Lair:2   | Noticed Nergalle
 14715 | Lair:2   | Killed Nergalle
 14963 | Lair:2   | Noticed Gastronok
 15429 | Lair:2   | Found a hole to the Spider Nest.
 15679 | Lair:2   | Found a staircase to the Swamp.
 15716 | Lair:2   | Noticed Harold
 15744 | Lair:2   | Killed Harold
 15744 | Lair:2   | Received a gift from Okawaru
 16126 | Lair:2   | Killed Gastronok
 16126 | Lair:2   | Reached skill level 12 in Fighting
 16521 | Lair:3   | Received a gift from Okawaru
 16521 | Lair:3   | Reached skill level 1 in Maces & Flails
 17206 | Lair:3   | Reached XP level 13. HP: 104/119 MP: 12/12
 17711 | Lair:4   | Reached skill level 10 in Dodging
 17789 | Lair:4   | Reached skill level 13 in Fighting
 18328 | Lair:4   | Reached skill level 1 in Invocations
 18785 | Lair:5   | Identified a +0 pair of boots of running (You found it in a labyrinth)
 18801 | Lair:5   | Received a gift from Okawaru
 19382 | Lair:6   | Entered Level 6 of the Lair of Beasts
 19486 | Lair:6   | Reached skill level 14 in Fighting
 19486 | Lair:6   | Reached skill level 5 in Maces & Flails
 19858 | Lair:6   | Reached ****** piety under Okawaru
 20048 | Lair:6   | Noticed a fire dragon
 20057 | Lair:6   | Killed a fire dragon
 20071 | Lair:6   | Reached XP level 14. HP: 111/133 MP: 15/15
 20392 | Lair:6   | Reached skill level 15 in Fighting
 20422 | Lair:6   | Found a staircase to the Slime Pits.
 20838 | Lair:6   | Received a gift from Okawaru
 20845 | Lair:6   | Reached skill level 5 in Invocations
 20861 | Lair:6   | Got a distressingly furry scale mail {god gift}
 20872 | Lair:6   | Identified the +2 scale mail of Koneph {Dex+9} (Okawaru gifted it to you on level 6 of the Lair of Beasts)
 21485 | D:11     | Found a transporter.
 21495 | D:11     | Found a viscous altar of Jiyva.
 21706 | D:11     | Noticed Josephine
 21716 | D:11     | Killed Josephine
 21957 | D:11     | Found a transporter.
 21969 | D:11     | Reached skill level 10 in Maces & Flails
 22088 | D:11     | Got a slimy wooden ring
 22485 | D:12     | Found a flagged portal.
 22494 | Bailey   | Entered a bailey
 22744 | Bailey   | Got an ichor-stained war axe
 23539 | Orc:1    | Entered Level 1 of the Orcish Mines
 23542 | Orc:1    | Paralysed by an orc sorcerer for 7 turns
 24319 | Orc:1    | Found a roughly hewn altar of Beogh.
 24395 | Orc:1    | Received a gift from Okawaru
 25223 | Orc:1    | Found a roughly hewn altar of Beogh.
 25389 | Orc:1    | Noticed a stone giant
 25399 | Orc:1    | Killed a stone giant
 25690 | Orc:1    | Identified the +2 war axe of Joesch {drain, rElec Dex+2} (You found it in a bailey)
 25812 | Orc:2    | Entered Level 2 of the Orcish Mines
 25817 | Orc:1    | Reached XP level 15. HP: 143/143 MP: 18/18
 25928 | Orc:2    | Reached skill level 16 in Fighting
 26294 | Orc:2    | Found a staircase to the Elven Halls.
 26676 | Orc:2    | Noticed an orc warlord
 26983 | Orc:2    | Killed an orc warlord
 27343 | Orc:2    | Found a roughly hewn altar of Beogh.
 27368 | Orc:2    | Noticed an orc warlord
 28026 | Orc:2    | Killed an orc warlord
 28227 | Orc:2    | Found Fipa's Food Emporium.
 28248 | Orc:2    | Found Veisch's Book Shoppe.
 28442 | Orc:2    | Found Zasaazar's Magic Scroll Shop.
 28699 | Orc:2    | Found a roughly hewn altar of Beogh.
 28899 | Orc:2    | Bought a scroll of identify for 36 gold pieces
 28899 | Orc:2    | Bought a scroll of identify for 36 gold pieces
 28899 | Orc:2    | Bought a scroll of identify for 36 gold pieces
 28899 | Orc:2    | Bought a scroll of magic mapping for 63 gold pieces
 28899 | Orc:2    | Bought a scroll of identify for 36 gold pieces
 28959 | Orc:2    | Found Nesat's Armour Boutique.
 28997 | Orc:2    | Received a gift from Okawaru
 29323 | Orc:2    | Bought a +2 plate armour of cold resistance for 480 gold pieces
 29914 | D:13     | Noticed Urug
 29923 | D:13     | Killed Urug
 30021 | D:13     | Reached skill level 17 in Fighting
 30558 | D:13     | Noticed a frost giant
 30867 | D:13     | Noticed Erolcha
 30873 | D:13     | Killed Erolcha
 31509 | D:14     | Found a frozen archway.
 31642 | D:14     | Received a gift from Okawaru
 31782 | D:14     | Found a white marble altar of Elyvilon.
 31865 | D:14     | Found a gate to the Vaults.
 31930 | D:14     | Reached XP level 16. HP: 153/157 MP: 18/20
 32264 | D:15     | Entered Level 15 of the Dungeon
 32451 | D:15     | Found a staircase to the Depths.
 32497 | D:15     | Reached skill level 18 in Fighting
 32985 | D:15     | Got a warped golden ring
 33630 | Swamp:1  | Entered Level 1 of the Swamp
 33891 | Swamp:1  | Reached skill level 10 in Shields
 34100 | Swamp:1  | Noticed Louise
 34126 | Swamp:1  | Killed Louise
 34192 | Swamp:1  | Noticed Kirke
 34218 | Swamp:1  | Killed Kirke
 34218 | Swamp:1  | Received a gift from Okawaru
 34242 | Swamp:1  | Noticed a thorn hunter
 34265 | Swamp:1  | Killed a thorn hunter
 34901 | Swamp:2  | Noticed a thorn hunter
 35269 | Swamp:2  | Killed a thorn hunter
 35601 | Swamp:2  | Reached skill level 19 in Fighting
 36357 | Swamp:2  | Paralysed by a hornet for 3 turns
 36749 | Swamp:3  | Received a gift from Okawaru
 37115 | Swamp:3  | Noticed Bai Suzhen
 37449 | Swamp:3  | Noticed Nikola
 37498 | Swamp:3  | Killed Nikola
 37498 | Swamp:3  | Reached XP level 17. HP: 159/168 MP: 14/22
 37734 | Swamp:3  | Noticed Mara
 37739 | Swamp:3  | Noticed RoseArtemis's illusion
 38034 | Swamp:3  | Noticed RoseArtemis's illusion
 38369 | Swamp:3  | Noticed RoseArtemis's illusion
 38448 | Swamp:3  | Killed Mara
 38448 | Swamp:3  | Received a gift from Okawaru
 39219 | Swamp:4  | Entered Level 4 of the Swamp
 39416 | Swamp:4  | Reached skill level 20 in Fighting
 40285 | Swamp:4  | Received a gift from Okawaru
 40963 | Swamp:4  | Received a gift from Okawaru
 40964 | Swamp:4  | Got a blackened morningstar {god gift}
 40975 | Swamp:4  | Identified the +10 morningstar of Culocoic {speed, Dex+6} (Okawaru gifted it to you on level 4 of the Swamp)
 41018 | Swamp:4  | Noticed a bone dragon
 41233 | Swamp:4  | Killed a bone dragon
 41553 | Swamp:4  | Got a decaying rune of Zot
 41876 | Spider:1 | Entered Level 1 of the Spider Nest
 42134 | Spider:1 | Noticed Frances
 42161 | Spider:1 | Killed Frances
 42283 | Spider:1 | Got an ancient war axe
 42284 | Spider:1 | Identified the +4 war axe of Dithmenos's Reproof {holy, Str+4 Dex+4} (You found it on level 1 of the Spider Nest)
 42286 | Spider:1 | Identified 3 scrolls of acquirement
 42288 | Spider:1 | Got a translucent ivory ring
 42289 | Spider:1 | Identified the ring of Memniropi {rF+ rN+ Int+2 Dex+4 Stlth-} (You acquired it on level 1 of the Spider Nest)
 42622 | Spider:1 | Noticed Roxanne
 42905 | Spider:1 | Received a gift from Okawaru
 43378 | Spider:2 | Reached skill level 15 in Armour
 43444 | Spider:2 | Reached XP level 18. HP: 179/179 MP: 23/23
 43482 | Spider:2 | Reached skill level 21 in Fighting
 44585 | Spider:3 | Received a gift from Okawaru
 44592 | Spider:3 | Identified the ring of the Princeling {Wiz Dex+5} (You found it on level 11 of the Dungeon)
 45080 | Spider:3 | Noticed Donald
 45098 | Spider:3 | Killed Donald
 45423 | Spider:4 | Entered Level 4 of the Spider Nest
 45892 | Spider:4 | Found the +8 lance "Wyrmbane" {slay drac, rPois rF+ rC+ AC+3}
 46110 | Spider:4 | Reached skill level 1 in Polearms
 46237 | Spider:4 | Paralysed by a hornet for 2 turns
 48939 | Spider:4 | Reached skill level 22 in Fighting
 48939 | Spider:4 | Reached skill level 5 in Polearms
 48968 | Spider:4 | Received a gift from Okawaru
 49344 | Spider:4 | Got a gossamer rune of Zot
 49722 | D:14     | Upgraded the game from 0.22-a0-231-g1b571ea to 0.22-a0-240-g539252a
 49723 | Vaults:1 | Entered Level 1 of the Vaults
 50999 | Vaults:1 | Slain by a vault warden

Vault maps used:
D:1:      nicolae_arrival_memento_mori
D:2:      zin_academy
D:3:      nicolae_overflow_hidden_temple, nrook_uturn, grunt_ministairs_7,
          minmay_fountain_box
D:4:      minmay_goblin_kobold_castle, first_ration
D:5:      nicolae_qazlal_general_emergency, minmay_temple_entry_trees,
          bloody_trog
D:7:      nicolae_dithmenos_shadow_blocks, kennysheep_little_box,
          gup_ossuary_entry_pyramid, basic_altar
D:8:      grunt_temple_overflow_cloverleaf, hangedman_pestilent_swarm,
          uniq_joseph, uniq_erica
D:9:      yredelemnul_forgotten_temple_becter, david_orc_2
D:10:     erik_lair_orcish_takeover, serial_corexii_hall,
          corexii_hall_statues_x, corexii_hall_statues_deadend,
          grunt_ministairs_8
D:11:     gammafunk_jiyva_shrine, minmay_misc_feat_four_crosses,
          minmay_misc_feat_more_columns, uniq_josephine
D:12:     enter_bailey_2, roderic_serpentine_path
D:13:     kennysheep_snake, uniq_erolcha, uniq_urug
D:14:     david_vaults_2, portal_ice_cave_rime, minmay_misc_feat_pillars,
          elyvilon_altar_5
D:15:     hangedman_depths_entry_civil_slaughter, serial_corexii_hall,
          corexii_hall_statues_i, corexii_hall_statues_i
Temple:   hc_temple_tempest_star
Lair:1:   basic_altar, worms_lemuel
Lair:2:   minmay_swamp_entry_reptiles, spider_nest_entry_funnel_web,
          lab_entry_generic, minmay_lair_oklob_chamber, uniq_gastronok,
          uniq_nergalle, uniq_harold
Lair:3:   cheibrodos_magma_flow
Lair:4:   beast_lair_carwin_10
Lair:5:   lemuel_fruit_tree
Lair:6:   hangedman_lair_tendril_chambers, guppyfry_lair_end_dragon,
          minmay_slime_entry_oklob_open, minmay_stone_trees_small
Swamp:1:  hangedman_swamp_ruin_wall, infiniplex_staircase_pool_2, uniq_kirke,
          uniq_louise
Swamp:2:  evilmike_swamp_ruin_house_4, swamp_pool2
Swamp:3:  evilmike_swamp_ruin_house_3, uniq_bai_suzhen, uniq_nikola, uniq_mara
Swamp:4:  swamp_pestilence, infiniplex_staircase_pool
Spider:1: uniq_frances, uniq_roxanne
Spider:2: nicolae_spider_shape
Spider:3: nicolae_spider_stair_cavern, uniq_donald
Spider:4: grunt_spider_rune_circles
Orc:1:    giant_chief_lemuel, basic_altar, minmay_orc_temple_a
Orc:2:    pubby_orc_utopia
Vaults:1: nicolae_vaults_diagonal_hallway_7, vaults_room_grunt_arrival_ludios,
          nicolae_vaults_asterisk, grunt_vaults_hallway_short
Lab:      labyrinth_spiral, lab_statue, nicolae_lab_t_cross, lab_block
Ossuary:  ossuary_the_hunt_dpeg
Bailey:   bailey_polearm_2, bailey

Skill      XL: |  1  2  3  4  5  6  7  8  9 10 11 12 13 14 15 16 17 18 |
---------------+-------------------------------------------------------+-----
Axes           | 3 4 5 7 8 |  8.2
Fighting       | 4 5 6 7 8 9 10 12 14 15 17 19 20 22 | 22.1
Armour         | 4 5 6 7 9 10 12 13 15 | 15.6
Shields        | 4 5 8 11 12 | 12.0
Long Blades    | 2 4 |  4.8
Dodging        | 1 3 5 6 8 9 10 | 10.0
Short Blades   | 3 9 10 12 13 | 13.8
Maces & Flails | 1 6 11 13 14 | 14.6
Invocations    | 3 5 7 8 9 |  9.0
Polearms       | 7 |  7.0

Action                   |  1- 3 |  4- 6 |  7- 9 | 10-12 | 13-15 | 16-18 || total
-------------------------+-------+-------+-------+-------+-------+-------++-------
Melee: War axe           |    81 |   266 |   189 |       |       |       ||   536
       Headbutt          |     7 |    35 |    71 |   122 |   403 |   782 ||  1420
       Rapier            |       |       |   159 |   589 |  1507 |  1616 ||  3871
       Flail             |       |       |       |       |       |   215 ||   215
       Quick blade       |       |       |       |       |       |    14 ||    14
       Morningstar       |       |       |       |       |       |    65 ||    65
       Lance             |       |       |       |       |       |   644 ||   644
 Fire: Hunting sling     |       |     2 |       |    17 |       |       ||    19
       Shortbow          |       |       |       |       |       |     2 ||     2
Invok: Heroism           |       |       |       |    10 |     2 |     6 ||    18
       Finesse           |       |       |       |       |     1 |     2 ||     3
Evoke: Sack of spiders   |       |       |       |     1 |       |       ||     1
       Wand              |       |       |       |       |       |     1 ||     1
  Use: Scroll            |     2 |     9 |     9 |    11 |    21 |    31 ||    83
       Potion            |       |       |       |     5 |     4 |    22 ||    31
 Stab: Confused          |       |       |       |       |     1 |     1 ||     2
       Distracted        |       |       |       |       |     1 |       ||     1
  Eat: Chunk             |       |    11 |    16 |    12 |    34 |    21 ||    94
       Ration            |       |       |       |     4 |     4 |    13 ||    21
Armor: Scale mail        |    13 |       |       |       |       |       ||    13
       Plate armour      |    15 |   147 |   186 |   174 |   447 |  1622 ||  2591
       Pearl dragon scal |       |       |       |    10 |       |       ||    10
Dodge: Dodged            |    16 |    42 |    66 |   132 |   346 |  1077 ||  1679
Block: Shield            |    41 |   157 |   175 |   202 |   767 |  2097 ||  3439
       Reflection        |       |       |       |       |       |     4 ||     4

Table legend:
 A = Spawn XP
 B = Non-spawn XP
 C = Spawn XP percentage of total XP
 D = Spawn monster count
 E = Non-spawn monster count
 F = Spawn count percentage of total count
 G = Total turns spent on level
                    A         B        C        D         E        F      G
               +---------+---------+-------+---------+---------+-------+---------
         Total |       0 |  362738 |   0.0 |       0 |    1410 |   0.0 | 50999
               +---------+---------+-------+---------+---------+-------+---------
           D:1 |       0 |      53 |   0.0 |       0 |      29 |   0.0 |   694
           D:2 |       0 |     210 |   0.0 |       0 |      24 |   0.0 |  1004
           D:3 |       0 |     181 |   0.0 |       0 |      35 |   0.0 |  1452
           D:4 |       0 |     959 |   0.0 |       0 |      75 |   0.0 |  2088
           D:5 |       0 |    1008 |   0.0 |       0 |      27 |   0.0 |  1479
           D:6 |       0 |    1291 |   0.0 |       0 |      20 |   0.0 |  1008
           D:7 |       0 |    1390 |   0.0 |       0 |      30 |   0.0 |   865
           D:8 |       0 |    4734 |   0.0 |       0 |      31 |   0.0 |   973
           D:9 |       0 |     840 |   0.0 |       0 |      29 |   0.0 |   720
          D:10 |       0 |    3861 |   0.0 |       0 |      40 |   0.0 |  1157
          D:11 |       0 |    8645 |   0.0 |       0 |      50 |   0.0 |   954
          D:12 |       0 |    4546 |   0.0 |       0 |      22 |   0.0 |  1184
          D:13 |       0 |   20702 |   0.0 |       0 |      67 |   0.0 |  1880
          D:14 |       0 |   12988 |   0.0 |       0 |      33 |   0.0 |  1618
          D:15 |       0 |   17530 |   0.0 |       0 |      44 |   0.0 |  1167
        Lair:1 |       0 |    5961 |   0.0 |       0 |      40 |   0.0 |  1976
        Lair:2 |       0 |   12171 |   0.0 |       0 |      39 |   0.0 |  1929
        Lair:3 |       0 |    4705 |   0.0 |       0 |      27 |   0.0 |  1336
        Lair:4 |       0 |   10522 |   0.0 |       0 |      28 |   0.0 |   963
        Lair:5 |       0 |    1359 |   0.0 |       0 |       9 |   0.0 |   753
        Lair:6 |       0 |   21363 |   0.0 |       0 |      72 |   0.0 |  1748
       Swamp:1 |       0 |   20106 |   0.0 |       0 |      41 |   0.0 |  2141
       Swamp:2 |       0 |   14720 |   0.0 |       0 |      35 |   0.0 |  1266
       Swamp:3 |       0 |   24377 |   0.0 |       0 |      36 |   0.0 |  2224
       Swamp:4 |       0 |   33571 |   0.0 |       0 |      69 |   0.0 |  2598
      Spider:1 |       0 |   16457 |   0.0 |       0 |      46 |   0.0 |  1205
      Spider:2 |       0 |   17106 |   0.0 |       0 |      41 |   0.0 |  1261
      Spider:3 |       0 |   13672 |   0.0 |       0 |      37 |   0.0 |  1145
      Spider:4 |       0 |   38644 |   0.0 |       0 |      75 |   0.0 |  4009
         Orc:1 |       0 |   15255 |   0.0 |       0 |      60 |   0.0 |  3122
         Orc:2 |       0 |   22548 |   0.0 |       0 |     143 |   0.0 |  2907
      Vaults:1 |       0 |    7405 |   0.0 |       0 |      20 |   0.0 |   507
           Lab |       0 |    1681 |   0.0 |       0 |       3 |   0.0 |   894
       Ossuary |       0 |     250 |   0.0 |       0 |      13 |   0.0 |   165
        Bailey |       0 |    1927 |   0.0 |       0 |      20 |   0.0 |   264
               +---------+---------+-------+---------+---------+-------+---------
